 Dungeon Crawl Stone Soup version 0.21.1-1-g345015fe64 (webtiles) character file.

82 Loge the Chopper (level 4, 0/40 HPs)
             Began as a Minotaur Berserker on July 15, 2018.
             Was a Believer of Trog.
             Succumbed to a worker ant's poison
             ... on level 3 of the Dungeon.
             The game lasted 00:03:21 (1947 turns).

Loge the Chopper (Minotaur Berserker)               Turns: 1947, Time: 00:03:22

Health: 0/40       AC:  2    Str: 22    XL:     4   Next: 21%
Magic:  3/3        EV: 12    Int:  4    God:    Trog [**....]
Gold:   93         SH:  0    Dex: 10    Spells: 3/3 levels left

rFire    . . .     SeeInvis .   a - +0 hand axe
rCold    . . .     Gourm    .   (no shield)
rNeg     . . .     Faith    .   b - +0 animal skin
rPois    .         Spirit   .   (helmet restricted)
rElec    .         Reflect  .   (no cloak)
rCorr    .         Harm     .   (no gloves)
MR       .....                  (no boots)
Stlth    +.........             (no amulet)
HPRegen  0.13/turn              (no ring)
MPRegen  0.08/turn              (no ring)

@: lethally poisoned (0 -> -17), berserk cooldown, slowed, very slow
A: retaliatory headbutt, horns 2
a: Berserk, Trog's Hand, Burn Spellbooks, Renounce Religion


You were on level 3 of the Dungeon.
You worshipped Trog.
Trog was pleased with you.
You were near starving.

You visited 1 branch of the dungeon, and saw 3 of its levels.

You collected 93 gold pieces.

Inventory:

Hand Weapons
 a - a +0 hand axe (weapon)
Missiles
 i - 30 stones (quivered)
 l - 47 arrows
Armour
 b - a +0 animal skin (worn)
Wands
 r - a wand of enslavement (15)
Scrolls
 e - 3 scrolls of enchant armour {unknown}
 g - 2 scrolls of teleportation {unknown}
 j - 2 scrolls of blinking {unknown}
 m - a scroll of amnesia {unknown}
 n - a scroll of enchant weapon {unknown}
 p - a scroll of remove curse {unknown}
Potions
 d - a potion of curing {unknown}
 f - a potion of haste {unknown}
 h - a potion of might {unknown}
 k - a potion of degeneration {unknown}
 o - a potion of invisibility {unknown}
 q - a potion of lignification {unknown}
 s - a potion of flight {unknown}
Comestibles
 c - 3 rations


   Skills:
 + Level 4.2 Fighting
 * Level 4.7 Axes
 + Level 3.2 Armour
 + Level 3.0 Dodging


You had 3 spell levels left.
You didn't know any spells.

Dungeon Overview and Level Annotations

Branches:
Dungeon (3/15)

Altars:
Ru
Wu Jian


Innate Abilities, Weirdness & Mutations

You reflexively headbutt those who attack you in melee.
You have a pair of horns on your head.


Message History

You slash the worker ant!
You feel the power of Trog in you as your rage grows.
You kill the worker ant!
Trog accepts your kill.
Your Dodging skill increases to level 3!
You have reached level 4!
You feel stronger.
* * * LOW HITPOINT WARNING * * *
You feel sick.
You are too berserk!
* * * LOW HITPOINT WARNING * * *
You feel sick.
You feel a strong urge to attack something.
* * * LOW HITPOINT WARNING * * *
You feel sick.
There is a stone staircase leading up here.
You feel your anger nearly subside.
You are no longer berserk.
You are exhausted.
You feel yourself slow down.
You die...

#.## #.. #.#
#.# # #.#
#.##.#
.##...J##
#.|....#.####
.###....@...#
#.##..##.#
#.#.... # #
#.#### #. ..
.## #.


You could see an ooze.

Vanquished Creatures
  A worker ant (D:3)
  2 adders (D:2)
  An ooze (D:2)
  A worm (D:2)
  A leopard gecko (D:1)
  4 goblins
  5 hobgoblins
  4 jackals (D:1)
  5 bats (D:1)
  3 frilled lizards (D:2)
  5 kobolds
  3 rats
35 creatures vanquished.

Notes
Turn   | Place    | Note
-------+----------+-------------------------------------------
     0 | D:1      | Loge the Minotaur Berserker began the quest for the Orb.
     0 | D:1      | Reached XP level 1. HP: 19/19 MP: 0/0
   232 | D:1      | Reached XP level 2. HP: 27/27 MP: 1/1
   986 | D:2      | Found an ornate altar of the Wu Jian Council.
  1018 | D:2      | Reached XP level 3. HP: 29/33 MP: 2/2
  1223 | D:2      | Reached ** piety under Trog
  1528 | D:2      | Found a sacrificial altar of Ru.
  1943 | D:3      | Reached XP level 4. HP: 4/40 MP: 3/3
  1943 | D:3      | HP: 3/60 [poisoned by a worker ant]
  1945 | D:3      | HP: 1/60 [poisoned by a worker ant]
  1947 | D:3      | Succumbed to a worker ant's poison

Skill      XL: |  1  2  3 |
---------------+----------+-----
Axes           | 4 |  4.7
Fighting       | 4 |  4.2
Armour         | 3 |  3.2
Dodging        | 3 |  3.0

Action                   |  1- 3 |  4- 6 || total
-------------------------+-------+-------++-------
Melee: Hand axe          |    69 |       ||    69
       Headbutt          |     8 |       ||     8
Invok: Berserk           |     2 |       ||     2
  Eat: Chunk             |     3 |       ||     3
Armor: Animal skin       |    13 |       ||    13
Dodge: Dodged            |    55 |       ||    55
